Map: Terrazas hostiles

Players

MrFercho - Winner!

  • Race: Terran Terran
  • Spawn Location: 5:00

tigro

  • Race: Terran Terran
  • Spawn Location: 1:00

VOD

Have the link to the VOD?

Description

Time

  • Played on: March 31, 2020, 9:31 p.m.
  • Length: 29:18
Show
View Real Time Build Order
Export as new Build Order

MrFercho Terran - Winner!

Build Orders:  

Get SALT Encoding   

  12  0:04  SCV  
  13  0:16  SCV  
  14  0:29  Refinery  
  14  0:49  Supply Depot  
  14  1:25  SCV  
  15  1:37  SCV  
  16  1:43  Supply Depot  
  16  1:49  SCV  
  17  2:01  Barracks x2, SCV  
  17  2:05  Supply Depot  
  18  2:13  SCV  
  19  2:25  SCV  
  20  2:37  SCV  
  21  2:45  Command Center  
  21  2:52  Orbital Command  
  21  2:56  Barracks Tech Lab x2  
  21  3:06  Refinery  
  21  3:20  Marine x2  
  23  3:36  SCV  
  23  3:38  Marine  
  23  3:39  Marauder  
  27  3:48  SCV  
  28  3:56  Marauder  
  28  3:58  Refinery  
  28  4:00  Marauder, SCV  
  28  4:02  Combat Shield  
  33  4:03  Concussive Shells  
  33  4:12  SCV  
  33  4:16  SCV  
  35  4:17  Marine  
  35  4:21  Marine  
  37  4:24  Refinery  
  37  4:25  SCV  
  37  4:28  SCV  
  39  4:37  SCV  
  40  4:40  SCV  
  41  4:49  SCV  
  41  4:52  SCV  
  43  5:04  SCV  
  44  5:14  Engineering Bay  
  44  5:16  Engineering Bay  
  44  5:24  Engineering Bay  
  44  5:54  SCV x2  
  46  6:06  SCV x2  
  48  6:18  SCV x2  
  50  6:30  SCV x2  
  52  6:42  SCV x2  
  43  6:54  Terran Infantry Weapons Level 1  
  43  6:55  Terran Infantry Armor Level 1, Neosteel Armor  
  43  7:13  Factory  
  43  7:14  Factory  
  43  7:15  Factory  
  43  7:29  Command Center x2  
  43  7:36  SCV  
  44  7:40  Orbital Command  
  44  7:48  SCV  
  45  8:00  SCV  
  46  8:12  SCV  
  47  8:24  SCV  
  48  8:35  Hi-Sec Auto Tracking  
  48  8:38  Factory Tech Lab  
  48  8:39  Factory Tech Lab  
  48  8:40  Factory Tech Lab  
  48  8:46  Sensor Tower  
  48  8:47  Sensor Tower  
  48  8:58  Armory  
  48  9:00  Armory  
  48  9:02  Armory  
  48  9:11  Sensor Tower  
  48  9:28  Siege Tank x2  
  48  9:29  Siege Tank  
  57  9:54  Refinery  
  57  9:57  Refinery  
  57  10:01  Widow Mine x3  
  57  10:04  Orbital Command  
  57  10:06  Orbital Command  
  63  10:11  SCV  
  63  10:12  SCV  
  65  10:17  Refinery  
  65  10:20  Refinery  
  65  10:23  SCV  
  65  10:24  SCV  
  67  10:34  Supply Depot  
  67  10:35  Supply Depot, SCV  
  67  10:36  SCV  
  67  10:40  Supply Depot  
  69  10:48  SCV x2  
  71  10:58  Supply Depot  
  71  11:00  SCV x2  
  71  11:02  Supply Depot  
  73  11:08  Supply Depot  
  73  11:18  Drilling Claws  
  73  11:22  Smart Servos  
  73  11:23  Supply Depot  
  73  11:25  Mag-Field Accelerator  
  73  11:26  Supply Depot  
  73  11:33  Supply Depot  
  73  11:53  Supply Depot  
  73  11:54  Starport  
  73  11:57  Starport  
  73  11:58  Supply Depot, Starport  
  73  12:01  Supply Depot, Starport  
  73  12:02  Starport  
  73  12:03  Starport  
  73  12:07  Terran Infantry Weapons Level 2, Terran Infantry Armor Level 2  
  73  12:11  Terran Vehicle Weapons Level 1  
  73  12:12  Terran Ship Weapons Level 1, Terran Vehicle And Ship Armor Level 1  
  73  12:17  Supply Depot  
  73  12:22  Supply Depot  
  73  12:25  Supply Depot  
  73  12:41  Supply Depot  
  73  12:43  Fusion Core  
  73  12:46  Supply Depot  
  73  12:47  Fusion Core  
  73  12:48  Supply Depot, Fusion Core  
  73  13:05  Ghost Academy  
  73  13:06  Ghost Academy  
  73  13:07  Supply Depot  
  73  13:09  Ghost Academy  
  73  13:10  Supply Depot  
  73  13:13  Supply Depot  
  73  13:39  Ghost Academy  
  73  13:41  Ghost Academy  
  73  13:44  Ghost Academy  
  73  14:06  SCV  
  73  14:07  SCV x3  
  77  14:18  SCV  
  77  14:19  SCV x3  
  77  14:20  Terran Vehicle And Ship Armor Level 2, Terran Vehicle Weapons Level 2  
  77  14:21  Terran Ship Weapons Level 2  
  81  14:24  Terran Infantry Weapons Level 3  
  81  14:25  Terran Infantry Armor Level 3  
  81  14:29  Starport Tech Lab  
  81  14:30  Starport Tech Lab x5  
  81  14:31  SCV x4  
  85  14:43  SCV x2  
  87  15:17  Command Center  
  87  15:27  Battlecruiser x2  
  87  15:28  Command Center, Battlecruiser x4  
  123  15:29  Refinery  
  123  15:37  Refinery  
  123  15:39  Refinery  
  123  15:40  Refinery  
  123  16:31  Battlecruiser  
  123  16:32  Battlecruiser x2  
  141  16:39  Thor  
  147  16:40  Thor x2  
  159  16:49  Ghost  
  161  17:22  Thor  
  167  17:23  Thor x2  
  167  17:25  Corvid Reactor  
  167  17:26  Cloaking Field  
  167  17:27  Hyperflight Rotors  
  179  17:30  Stimpack  
  179  17:32  Infernal Pre-Igniter  
  179  17:39  Terran Ship Weapons Level 3  
  179  17:40  Terran Vehicle Weapons Level 3  
  179  18:05  Thor x2  
  191  18:26  Orbital Command  
  191  18:34  Orbital Command  
  191  20:34  Raven  
  193  20:41  Viking x3  
  199  21:08  Personal Cloaking  
  199  21:09  Enhanced Shockwaves  
  199  21:14  Rapid Reignition System, Weapon Refit  
  199  21:15  Advanced Ballistics  
  199  21:19  Terran Vehicle And Ship Armor Level 3  
  157  23:16  Nuke  
  157  23:17  Nuke x5  
Show
View Real Time Build Order
Export as new Build Order

tigro Terran 

Build Orders:  

Get SALT Encoding   

  12  0:04  SCV  
  13  0:20  Supply Depot  
  13  0:22  SCV  
  14  0:34  SCV  
  15  1:00  Barracks, Refinery  
  15  1:07  Refinery, SCV  
  16  1:19  SCV  
  17  1:31  SCV  
  18  1:36  Supply Depot  
  18  1:43  SCV  
  19  1:48  Marine  
  20  1:57  Barracks  
  20  2:05  Marine  
  21  2:08  Engineering Bay  
  21  2:15  Orbital Command  
  21  2:23  Marine  
  22  2:41  Marine  
  23  2:45  Barracks Tech Lab, Factory  
  23  2:59  Marine  
  24  3:09  Missile Turret  
  24  3:23  Combat Shield  
  24  3:44  Refinery  
  24  3:47  Barracks Tech Lab  
  24  3:52  Command Center  
  24  3:54  Factory Tech Lab  
  24  3:58  Marauder  
  26  4:22  Missile Turret  
  26  4:42  SCV  
  27  4:54  SCV  
  28  5:06  SCV, Planetary Fortress  
  29  5:13  Refinery  
  29  5:18  SCV  
  30  5:27  Stimpack  
  30  5:29  Concussive Shells  
  30  5:30  SCV  
  30  5:35  Marauder  
  33  5:36  Starport  
  33  5:37  Marine  
  34  5:46  SCV  
  35  5:54  Marine  
  36  5:58  SCV  
  37  6:07  Infernal Pre-Igniter  
  37  6:10  SCV  
  38  6:12  Marine  
  38  6:16  Medivac  
  41  6:22  SCV  
  41  6:23  Supply Depot  
  42  6:30  Marine  
  43  6:34  SCV  
  42  6:48  Marine  
  42  6:50  Missile Turret  
  42  6:59  Starport Tech Lab  
  42  7:14  Terran Infantry Weapons Level 1  
  42  7:23  Armory  
  42  7:26  Mag-Field Accelerator  
  42  7:35  SCV  
  43  7:41  Marine  
  44  7:45  Siege Tank  
  44  7:47  SCV  
  48  7:51  Viking  
  50  7:59  Marine, SCV  
  52  8:17  Marine  
  52  8:19  Factory  
  53  8:35  Marine  
  54  8:53  Marine  
  55  9:08  Terran Infantry Armor Level 1  
  55  9:09  Missile Turret  
  55  9:10  Factory Tech Lab  
  55  9:12  Drilling Claws  
  55  9:24  Medivac  
  57  9:26  Marine  
  57  9:29  Marauder  
  60  9:44  Marine  
  61  9:48  Supply Depot  
  61  9:51  Marauder  
  63  10:01  Marine  
  64  10:11  Siege Tank  
  64  10:12  Marauder  
  69  10:19  Marine  
  70  10:22  Fusion Core  
  70  10:30  Smart Servos  
  70  10:34  Marauder  
  72  10:37  Marine  
  73  10:43  Siege Tank  
  76  10:55  Marauder  
  78  10:59  Terran Vehicle Weapons Level 1  
  78  11:03  Hi-Sec Auto Tracking  
  78  11:15  Weapon Refit  
  78  11:19  Starport  
  78  11:23  Siege Tank  
  81  11:55  Siege Tank  
  81  11:59  Terran Infantry Weapons Level 2, Starport Tech Lab  
  84  12:14  Missile Turret  
  84  12:41  Missile Turret  
  84  12:53  Terran Vehicle And Ship Armor Level 1  
  84  12:55  Rapid Reignition System  
  84  13:27  SCV  
  84  13:34  Missile Turret  
  85  13:42  Siege Tank  
  90  13:51  Advanced Ballistics  
  90  13:54  Battlecruiser  
  94  14:15  Neosteel Armor  
  94  14:24  Supply Depot  
  94  14:46  Battlecruiser  
  94  14:47  Terran Ship Weapons Level 1  
  100  14:58  Missile Turret  
  100  15:36  Command Center  
  100  15:55  Terran Infantry Armor Level 2  
  100  15:58  Missile Turret  
  106  16:04  Battlecruiser  
  106  16:18  Raven  
  108  16:27  Supply Depot  
  108  16:48  Refinery  
  108  16:53  Refinery  
  108  16:55  Missile Turret  
  108  17:00  Raven  
  110  17:03  Planetary Fortress  
  116  17:08  Battlecruiser  
  116  17:22  Supply Depot  
  116  17:30  Refinery  
  116  17:36  Refinery  
  116  17:51  Missile Turret  
  116  18:08  Command Center  
  116  18:25  Command Center  
  116  18:39  Missile Turret  
  116  18:52  Missile Turret  
  116  19:15  Terran Vehicle Weapons Level 2  
  116  19:19  Terran Infantry Weapons Level 3  
  116  19:21  Missile Turret  
  116  19:22  Corvid Reactor  
  116  19:54  Planetary Fortress  
  116  19:56  Planetary Fortress  
  116  20:34  Missile Turret  
  116  20:41  Cloaking Field  
  116  21:00  Supply Depot  
  116  21:10  Battlecruiser  
  122  21:12  Battlecruiser  
  122  21:16  Refinery  
  122  21:17  Thor  
  134  21:29  Refinery  
  134  21:31  Terran Vehicle And Ship Armor Level 2  
  134  21:44  Missile Turret  
  77  22:01  Marine  
  69  22:03  Marine  
  63  22:21  Marine  
  55  22:34  Missile Turret  
  53  22:39  Marine  
  53  22:42  Missile Turret  
  47  22:53  Missile Turret  
  38  23:10  Missile Turret  
  32  23:25  Missile Turret  
  27  23:32  Missile Turret  
  20  24:07  Supply Depot  
  15  26:13  Command Center  
  14  26:33  Supply Depot  
  14  26:39  Supply Depot  
  1  27:32  Supply Depot  
  1  27:42  SCV  
  2  27:54  SCV  
  3  28:01  Barracks  
  3  28:07  SCV  
  4  28:14  Barracks  
Tags
 
Matchup
TvT
Race
Terran
Replay Pack
MrFercho
Spawn Locations
Close Positions
Add a new tag
Caveats
  • Supply blocks, unpowered buildings, or Contaminate may cause inaccurate times.
  • Supply counts are checked every 10 seconds.